 Dungeon Crawl Stone Soup version 0.22-a0-322-g60b3cfd (webtiles) character file.

816583 xccam the Gnoll Aeon (level 27, -10/223 (225) HPs)
             Began as a Gnoll Wanderer on Apr 3, 2018.
             Was the Champion of Cheibriados.
             Mangled by Gloorx Vloq (22 damage)
             ... in Pandemonium.
             The game lasted 04:43:22 (73603 turns).

xccam the Gnoll Aeon (Gnoll Wanderer)              Turns: 73603, Time: 04:43:25

HP:   -10/223 (225) AC: 45    Str: 48    XL:     27
MP:   41/50         EV: 30    Int: 37    God:    Cheibriados [******]
Gold: 6902          SH: 24    Dex: 37    Spells: 28/64 levels left

rFire    + + +     SeeInvis +   I - +2 eudemon blade (holy)
rCold    + + +     Gourm    .   N - +0 shield of Wasted Space {*Drain MR+ Str+3}
rNeg     + . .     Faith    .   P - +10 gold dragon scales
rPois    +         Spirit   .   D - +3 crown of Dyrovepreva {rElec Int+2 SInv}
rElec    +         Reflect  +   g - scarf {repulsion}
rCorr    .         Harm     .   Q - +2 pair of gloves {Dex+3}
MR       +++++     Rnd*Tele +   b - +2 pair of boots of the Gloaming {rN+ MR++ Int+3}
Stlth    +.........             H - amulet "Teca" {Reflect rC++ Str+10 SH+3 Stlth-}
HPRegen  0.00/turn              B - ring "Peytot" {rF+ rC+ MP+9 Dex+3}
MPRegen  0.32/turn              W - ring "Ticrev" {rPois rF+ MR+ Int+3 Dex-5}

@: non-regenerating, diseased, studying Shields, repel missiles, very slow
A: distributed training, fangs 1, molten scales 1, thin skeletal structure 1,
blurry vision 1, clumsy 1, cold resistance 1, low mp 1, teleportitis 1, weak 1,
wild magic 1, no potion heal 1, strong nose
}: 8/15 runes: barnacled, slimy, silver, abyssal, glowing, magical, fiery,
gossamer
a: Bend Time, Temporal Distortion, Slouch, Step From Time, Renounce Religion


You were in Pandemonium.
You worshipped Cheibriados.
Cheibriados was exalted by your worship.
You were very full.

You visited 11 branches of the dungeon, and saw 51 of its levels.
You visited Pandemonium 1 time, and saw 15 of its levels.
You visited the Abyss 1 time.
You visited 1 bazaar.
You also visited: Labyrinth, Sewer, Ice Cave and Desolation.

You collected 8521 gold pieces.
You spent 1619 gold pieces at shops.

Inventory:

Hand Weapons
 I - a +2 eudemon blade of holy wrath (weapon)
Missiles
 r - 65 javelins (quivered)
Armour
 b - the +2 pair of boots of the Gloaming (worn) {rN+ MR++ Int+3}
   (You found it in Pandemonium)

   It affects your intelligence (+3).
   It protects you from negative energy.
   It affects your resistance to hostile enchantments.
 g - a scarf of repulsion (worn)
 D - the +3 crown of Dyrovepreva (worn) {rElec Int+2 SInv}
   (You bought it in a shop on level 4 of the Dungeon)

   It affects your intelligence (+2).
   It insulates you from electricity.
   It lets you see invisible.
 N - the +0 shield of Wasted Space (worn) {*Drain MR+ Str+3}
   (You took it off Donald on level 1 of the Shoals)

   It affects your strength (+3).
   It affects your resistance to hostile enchantments.
   It causes draining when unequipped.
 P - +10 gold dragon scales (worn)
 Q - a +2 pair of gloves of dexterity (worn)
 X - the +8 orange crystal plate armour {Archmagi, Int+3 Clar}
   (You found it in the Desolation of Salt)

   It affects your intelligence (+3).
   It protects you against confusion.
Jewellery
 a - an uncursed ring of protection from fire
 i - the ring "Harupt" {*Drain rElec rPois rN++ Stlth+}
   (You found it in the Desolation of Salt)

   [ring of stealth]

   It insulates you from electricity.
   It protects you from poison.
   It greatly protects you from negative energy.
   It causes draining when unequipped.
   It makes you more stealthy.
 l - an uncursed ring of resist corrosion
 q - the amulet "Welixt" {rN+ Regen+}
   (You took it off a balrug in Pandemonium)

   [amulet of regeneration]

   It protects you from negative energy.
   It increases your rate of regeneration.
 s - the ring "Hoas" {Str+6 SInv Stlth+}
   (You acquired it on level 4 of the Lair of Beasts)

   [ring of see invisible]

   It affects your strength (+6).
   It lets you see invisible.
   It makes you more stealthy.
 y - an uncursed ring of positive energy
 B - the ring "Peytot" (left hand) {rF+ rC+ MP+9 Dex+3}
   (You found it on level 5 of the Vaults)

   [ring of magical power]

   It affects your dexterity (+3).
   It protects you from fire.
   It protects you from cold.
   It affects your magic capacity (+9).
 H - the amulet "Teca" (around neck) {Reflect rC++ Str+10 SH+3 Stlth-}
   (You acquired it on level 4 of the Lair of Beasts)

   [amulet of reflection]

   It shields you and reflects attacks.
   It affects your strength (+10).
   It greatly protects you from cold.
   It affects your SH (+3).
   It makes you less stealthy.
 L - the ring "Otokk" {*Slow +Fly rPois Int+2 Stlth+}
   (You acquired it on level 4 of the Lair of Beasts)

   [ring of intelligence]

   It affects your intelligence (+2).
   It protects you from poison.
   It lets you fly.
   It may slow you when you take damage.
   It makes you more stealthy.
 V - an uncursed ring of protection from cold
 W - the ring "Ticrev" (right hand) {rPois rF+ MR+ Int+3 Dex-5}
   (You found it on level 13 of the Dungeon)

   [ring of intelligence]

   It affects your intelligence (+3).
   It affects your dexterity (-5).
   It protects you from fire.
   It protects you from poison.
   It affects your resistance to hostile enchantments.
 Y - the amulet of Qill {Regen+ Int+3 Dex+5}
   (You found it in the Desolation of Salt)

   [amulet of regeneration]

   It affects your intelligence (+3).
   It affects your dexterity (+5).
   It increases your rate of regeneration.
Wands
 e - a wand of digging (28)
 m - a wand of flame (30)
 t - a wand of scattershot (10)
 A - a wand of disintegration (50)
 J - a wand of acid (16)
Scrolls
 c - 24 scrolls of teleportation
 f - 4 scrolls of summoning
 n - 24 scrolls of remove curse
 u - 9 scrolls of blinking
 w - 13 scrolls of amnesia
 x - 7 scrolls of identify
 C - 6 scrolls of fog
 F - 9 scrolls of fear
 M - 6 scrolls of brand weapon
 O - 2 scrolls of immolation
 R - 3 scrolls of holy word
 S - 4 scrolls of magic mapping
 T - a scroll of silence
Potions
 h - 12 potions of curing
 j - 8 potions of brilliance
 o - 8 potions of ambrosia
 p - 7 potions of might
 v - 4 potions of agility
 z - a potion of invisibility
 E - 10 potions of resistance
 G - 2 potions of cancellation
 U - a potion of flight
Books
 Z - a manual of Shields
Miscellaneous
 k - the horn of Geryon
 K - a phantom mirror
Comestibles
 d - 86 rations


   Skills:
 + Level 20.3 Fighting
 + Level 19.1 Short Blades
 + Level 19.1 Long Blades
 + Level 19.1 Axes
 + Level 19.3 Maces & Flails
 + Level 19.1 Polearms
 + Level 19.1 Staves
 + Level 19.1 Slings
 + Level 19.1 Bows
 + Level 19.1 Crossbows
 + Level 19.1 Throwing
 + Level 19.9 Armour
 + Level 19.1 Dodging
 + Level 19.2 Stealth
 + Level 19.2 Shields
 + Level 19.1 Unarmed Combat
 + Level 19.1 Spellcasting
 + Level 16.5 Conjurations
 + Level 16.5 Hexes
 + Level 16.5 Charms
 + Level 16.5 Summonings
 + Level 16.5 Necromancy
 + Level 16.5 Translocations
 + Level 16.5 Transmutations
 + Level 16.5 Fire Magic
 + Level 16.5 Ice Magic
 + Level 16.5 Air Magic
 + Level 16.5 Earth Magic
 + Level 16.5 Poison Magic
 + Level 20.5 Invocations
 + Level 19.3 Evocations


You had 28 spell levels left.
You knew the following spells:

 Your Spells              Type           Power        Failure   Level  Hunger
a - Apportation           Tloc           ######       1%          1    None
b - Lesser Beckoning      Tloc           ########..   1%          3    None
c - Blink                 Tloc           N/A          1%          2    None
d - Teleport Other        Tloc           ########     1%          3    None
e - Lightning Bolt        Conj/Air       ########..   1%          5    None
f - Lee's Rapid Deconstr  Erth           ########..   1%          5    None
g - Fireball              Conj/Fire      ########..   1%          5    None
h - Summon Ice Beast      Ice/Summ       ########     1%          4    None
i - Borgnjor's Vile Clut  Necr/Erth      ########..   1%          5    None
j - Regeneration          Chrm/Necr      ########..   1%          3    None


Dungeon Overview and Level Annotations

Branches:
Dungeon (15/15)            Temple (1/1) D:4            Lair (6/6) D:9
 Shoals (4/4) Lair:3       Spider (4/4) Lair:3        Slime (5/5) Lair:5
    Orc (2/2) D:12            Elf (3/3) Orc:2        Vaults (5/5) D:13
  Crypt (0/3) Vaults:3     Depths (5/5) D:15           Hell (1/1)
    Dis (0/7) Hell            Geh (0/7) Hell            Coc (0/7) Hell
    Tar (0/7) Hell            Zot (0/5) Depths:5

Altars:
Ashenzari
Cheibriados
Dithmenos
Elyvilon
Fedhas
Gozag
Hepliaklqana
Kikubaaqudgha
Makhleb
Nemelex Xobeh
Okawaru
Qazlal
Ru
Sif Muna
Trog
Uskayaw
Vehumet
Wu Jian
Xom
Yredelemnul
Zin
The Shining One
Jiyva

Shops:
D:4 [   D:5 !   D:13 (   Orc:1 ?   Orc:2 %[:(   Elf:1 %   Elf:3 }   Shoals:4 (
Vaults:4 *   Depths:3 (=   Depths:4 %

Portals:
Hell: Depths:1 Depths:2 Depths:3 Depths:4 Depths:5
Abyss: Depths:3 Depths:4
Pandemonium: Depths:1 Depths:3
Ziggurat: Depths:3
Trove: D:10 (give +3 gold dragon scales)

Annotations:
Lair:3 exclusion: 2 oklob plants
Shoals:3 Mara
Pan Gloorx Vloq


Innate Abilities, Weirdness & Mutations

Your experience applies equally to all skills.
You have very sharp teeth.
Your uncanny sense of smell can sniff out nearby items.
You are partially covered in molten scales. (AC +2)
You have a somewhat thin skeletal structure. (Dex +2, Stealth)
Scrolls take you a little longer to read.
You are clumsy. (Dex -2)
Your flesh is cold resistant. (rC+)
Your magical capacity is low. (-10% MP)
You are occasionally teleported next to monsters.
You are weak. (Str -2)
Your spells are a little harder to cast, but a little more powerful.
Potions are less effective at restoring your health.


Message History

You are engulfed in dark miasma.
You feel your flesh rotting away!
You feel ill.
* * * LOW HITPOINT WARNING * * *
You block Gloorx Vloq's attack.
Gloorx Vloq gestures.
Really read with blurry vision while enemies are nearby? [Y]es or [N]o only, please.
Really read with blurry vision while enemies are nearby? [Y]es or [N]o only, please.
Really read with blurry vision while enemies are nearby? [Y]es or [N]o only, please.
Really read with blurry vision while enemies are nearby?
Gloorx Vloq hits you!!
* * * LOW HITPOINT WARNING * * *
You begin reading the scroll.
You continue reading the scroll.
You block Gloorx Vloq's attack.
The Executioner hits you but does no damage.
You block the Executioner's attack. x2; Gloorx Vloq hits you!!
You die...

#...##........,,...*#
#.#.#..####...#**#..#
#...#.#*,,......,*#.#
#.#.'.#,,*##1###.,#.'
#...#.#,#*,,..,**.#.#
#(#.#.#.#,,,..,,*,#.#
#...#.#.#,,,,,,,*,#,#
#.#.#1..#,,*,*,,*,,,#
#...@1..#,,*,*,,*,,,#
#.#.#&....#*,**,,,,,#
#...#...###,,,***,,,#
#!..#...#**,∆,***,,∆#
#.#.#.....**,**,,,,,#
#...#...#..*,*,,*,,,#
#.#.#.[.#..#,*,∆*,,,#
*,..#.#.#,..,,,,*,*,#
*,*,*,*,*,,,,,,,*,*,+


You could see Gloorx Vloq and 2 Executioners.

Vanquished Creatures
  Cerebov (Pan)
  the Royal Jelly (Slime:5)
  2 ancient liches
  Mnoleg (Pan)
  Lom Lobon (Pan)
  Mennas (Depths:5)
  A juggernaut (Depths:5)
  The ghost of Ratty the Crack Shot, a veteran CeMo of Okawaru (Vaults:5)
  Boris (Vaults:3)
  Frederick (Depths:5)
  Xtahua (Vaults:3)
  2 golden dragons
  the Enchantress (Depths:2)
  2 pandemonium lords (Pan)
  A caustic shrike (shapeshifter) (Vaults:3)
  Jory (Vaults:2)
  Geryon (Hell)
  A profane servitor (Abyss:3)
  6 Brimstone Fiends (Pan)
  Jorgrun (Shoals:3)
  A lich (Vaults:5)
  2 bone dragons
  A hellephant (Abyss:1)
  3 Hell Sentinels (Pan)
  The ghost of Vajrapani the Unseen, an adept OpWn of Ru (Vaults:3)
  An Ice Fiend (Pan)
  4 tentacled monstrosities
  Asterion (Spider:1)
  4 titans
  A quicksilver dragon (Depths:5)
  A deep elf master archer (Elf:3)
  An eldritch tentacle (Pan)
  The ghost of Nattefrost the Thrower, an adept GnHu of Okawaru (Shoals:1)
  16 Executioners
  5 deep elf blademasters
  16 acid blobs
  6 shadow dragons (Vaults:5)
  5 sphinxes
  Agnes (Elf:1)
  4 tentacled starspawn (Abyss:3)
  7 storm dragons
  Kirke (D:12)
  7 tengu reavers
  Donald (Shoals:1)
  A sphinx (shapeshifter) (Vaults:4)
  Ilsuiw (Shoals:4)
  A nagaraja (Abyss:3)
  Roxanne (Spider:1)
  2 blood saints (Pan)
  10 azure jellies
  2 iron dragons (Depths:4)
  23 balrugs (Pan)
  5 ghost moths
  13 deep elf sorcerers
  6 emperor scorpions (Spider:4)
  An imperial myrmidon (Desolation)
  24 vault wardens
  4 fire giants
  A caustic shrike zombie (Hell)
  12 frost giants
  3 warmongers (Pan)
  Aizul (Depths:1)
  A juggernaut zombie (Hell)
  2 curse skulls
  2 deep elf elementalists (Elf:3)
  A draconian knight (Depths:5)
  20 cacodemons
  16 ironheart preservers
  5 spriggan defenders (Depths:2)
  A draconian annihilator (Depths:5)
  3 war gargoyles
  20 very ugly things
  17 stone giants
  6 caustic shrike skeletons (Depths:2)
  5 reapers
  4 entropy weavers
  An entropy weaver (shapeshifter) (Vaults:4)
  8 black suns (Pan)
  4 corrupters (Pan)
  A vampire knight (Depths:3)
  A yellow draconian (Depths:5)
  8 deep elf demonologists
  A green draconian (Depths:5)
  8 lorocyprocas
  2 dire elephants (Depths:2)
  A minotaur (Lab)
  A white draconian (Depths:5)
  9 deep elf annihilators
  6 spark wasps
  2 red draconians (Depths:5)
  37 large abominations
  Snorg (D:12)
  2 halazid warlocks (Desolation)
  9 green deaths (Pan)
  14 blizzard demons (Pan)
  3 crystal guardians (Desolation)
  8 fire dragons
  A mummy priest (Hell)
  5 merfolk javelineers
  8 death oozes
  20 deep elf death magi
  2 merfolk impalers
  Erolcha (D:12)
  15 ettins
  A kraken zombie (Hell)
  10 deep elf high priests
  9 rakshasas
  8 yaktaur captains
  8 ragged hierophants (Desolation)
  40 vault guards
  15 ice dragons
  Josephine (Shoals:1)
  7 merfolk avatars
  Harold (D:12)
  4 hell beasts
  9 great orbs of eyes
  6 servants of whispers (Desolation)
  6 hydras
  2 monstrous demonspawn (Pan)
  7 peacekeepers (Desolation)
  5 merfolk aquamancers
  5 spriggan air magi
  9 centaur warriors
  6 tengu warriors
  2 alligator snapping turtles
  57 two-headed ogres
  12 deep troll shamans
  16 ogre magi
  24 dancing weapons
  A death knight (Vaults:1)
  2 satyrs
  A two-headed ogre (shapeshifter) (Vaults:4)
  The ghost of cirnu the Cleaver, a novice DsGl (D:8)
  13 hell hogs (Hell)
  12 deep troll earth magi
  8 spriggan berserkers
  5 thrashing horrors
  8 orc high priests
  7 small abominations
  2 storm dragon zombies
  24 deep elf knights
  54 sun demons
  5 iron trolls
  30 sixfirhies
  18 soul eaters
  2 titan skeletons
  2 wretched stars
  The ghost of xccam the Covert, a novice GnWn of Ashenzari (D:7)
  3 infernal demonspawn (Pan)
  3 gelid demonspawn (Pan)
  9 shadow wraiths
  19 hell knights
  2 flayed ghosts
  3 unseen horrors
  12 sea snakes
  2 shadow demons (Pan)
  7 spriggan druids (Depths:2)
  2 torturous demonspawn (Pan)
  35 deep trolls
  A deep troll (shapeshifter) (Depths:5)
  2 unseen horrors (shapeshifter)
  3 glowing orange brains
  A shadow dragon zombie (Depths:3)
  4 phantasmal warriors
  6 wizards
  12 deep elf archers
  23 ironbrand convokers
  25 harpies
  2 harpies (shapeshifter)
  Pikel (D:8)
  18 orc knights
  20 wolf spiders
  A mana viper (shapeshifter) (Vaults:5)
  11 necromancers
  3 frost giant zombies
  55 deep elf magi
  A stone giant zombie (Hell)
  A wolf spider (shapeshifter) (Vaults:2)
  12 orb spiders
  7 fauns
  22 starcursed masses
  39 ugly things
  9 shining eyes
  A fire giant zombie (Hell)
  5 orc sorcerers
  2 tengu skeletons
  A faun (shapeshifter) (Vaults:2)
  11 cyclopes
  A salamander (Depths:4)
  A human zombie (Vaults:4)
  4 elephants (Lair:6)
  14 manticores
  A worldbinder (Abyss:3)
  10 merfolk sirens
  2 black mambas
  4 spriggan zombies (Hell)
  2 eyes of devastation
  21 vault sentinels
  3 water nymphs
  8 guardian serpents
  A guardian serpent (shapeshifter) (Vaults:1)
  2 torpor snails
  2 moths of wrath (Spider:4)
  2 apocalypse crabs
  8 rust devils
  2 gargoyles
  46 smoke demons
  2 ice statues (IceCv)
  A molten gargoyle (Hell)
  An eye of devastation (shapeshifter) (Depths:3)
  2 hellions
  6 komodo dragons
  A torpor snail (shapeshifter) (Depths:5)
  18 spiny frogs
  31 orange demons
  3 rime drakes
  20 hellwings
  2 kobold demonologists (D:15)
  12 efreet
  6 freezing wraiths
  47 yaktaurs
  An anaconda simulacrum (Hell)
  4 tormentors (Pan)
  2 ancient zymes (Abyss:3)
  20 demonic crawlers
  7 tengu conjurers
  23 merfolk
  An entropy weaver simulacrum (Vaults:1)
  36 red devils
  3 meliai (D:14)
  A polar bear (shapeshifter) (Depths:1)
  10 ice devils
  A queen bee (D:14)
  4 trolls
  3 hydra zombies
  26 jumping spiders
  Grinder (D:6)
  7 polar bears
  A meliai (shapeshifter) (Elf:2)
  Prince Ribbit (D:5)
  21 hornets
  9 wind drakes
  4 blink frogs (Lair:6)
  46 saltlings (Desolation)
  10 snapping turtles
  An ice dragon zombie (Hell)
  11 dream sheep
  18 hippogriffs
  3 alligator zombies (Hell)
  132 slime creatures
  A fire dragon zombie (Hell)
  A flying skull (Abyss:1)
  52 spriggans
  4 air elementals
  3 centaur simulacra (D:12)
  3 deep troll zombies (Hell)
  66 redbacks
  A vampire (D:14)
  4 shadows
  A tarantella (shapeshifter) (Depths:5)
  9 wraiths
  22 tarantellas
  3 wyverns
  28 ynoxinuls
  36 yaks
  2 fire bats (Depths:4)
  5 hogs (D:12)
  15 water elementals
  13 chaos spawn
  10 fire elementals
  13 golden eyes
  A vampire mosquito (D:13)
  4 basilisks
  27 neqoxecs
  5 wargs
  An elf skeleton (Depths:3)
  A steam dragon (D:11)
  A human simulacrum (Vaults:3)
  5 hungry ghosts
  3 acid dragons
  A soldier ant (shapeshifter) (Depths:4)
  A spiny frog zombie (Hell)
  8 hell hounds
  18 porcupines
  Duvessa (D:4)
  12 water moccasins
  35 ice beasts
  57 orc warriors
  5 sky beasts
  2 spiny frog skeletons (Hell)
  2 phantoms
  11 black bears
  3 slaves (D:8)
  A hornet zombie (D:15)
  A black bear (shapeshifter) (Depths:5)
  An elf zombie (Vaults:4)
  7 eyes of draining
  29 wolves
  2 boggarts (shapeshifter)
  The ghost of TheNamelessOne the Digger, an amateur DrEE (D:3)
  16 boggarts
  37 ogres
  9 crocodiles
  20 centaurs
  4 big kobolds
  3 earth elementals
  19 bullfrogs
  2 wyvern zombies (D:14)
  Dowan (D:4)
  6 scorpions
  10 wights
  39 killer bees
  4 electric eels (D:12)
  5 howler monkeys
  6 crimson imps
  5 centaur zombies
  A quasit (D:9)
  5 jellies
  36 orc priests
  A wyvern simulacrum (D:12)
  11 hounds
  35 orc wizards
  3 iron imps (D:11)
  4 bullfrog skeletons
  Jessica (D:2)
  4 iguanas
  7 worker ants
  6 ogre zombies (D:12)
  A bullfrog simulacrum (D:12)
  2 hound zombies (D:8)
  2 hound skeletons
  A howler monkey zombie (D:9)
  A worker ant zombie (D:11)
  13 gnolls
  15 adders
  10 river rats (D:5)
  4 shadow imps
  6 white imps
  An ufetubus (Abyss:1)
  2 oozes
  2 adder skeletons (D:8)
  6 worms
  2 dart slugs
  7 leopard geckos
  118 orcs
  3 bats
  11 giant cockroaches
  8 goblins
  9 hobgoblins
  28 kobolds
  13 quokkas
  6 ball pythons
  A ball python skeleton (D:4)
  4 frilled lizards
  3 goblin skeletons (D:12)
  2 goblin zombies (D:12)
  A hobgoblin skeleton (D:12)
  A hobgoblin zombie (D:12)
  A leopard gecko zombie (D:6)
  4 orc skeletons (D:12)
  8 orc zombies (D:12)
  A quokka skeleton (D:4)
  A quokka zombie (D:6)
  29 rats
  A block of ice (Pan)
  A bush (Lair:4)
  2 crawling corpses (Elf:1)
  A fungus (Elf:1)
  8 pillars of salt (Vaults:3)
  12 plants
  6 starspawn tentacles (Abyss:3)
  3 tentacles (Hell)
3266 creatures vanquished.

Vanquished Creatures (collateral kills)
  A deep elf archer (Elf:1)
  2 deep elf magi (Elf:1)
3 creatures vanquished.

Vanquished Creatures (others)
  Nikola (Shoals:2)
  An eldritch tentacle (Pan)
  A merfolk javelineer (Shoals:4)
  A blizzard demon (Pan)
  6 yaktaur captains
  2 centaur warriors
  2 wizards (Pan)
  3 deep elf archers
  An orc knight (Vaults:4)
  A deep elf mage (Elf:1)
  4 cyclopes
  A manticore (Shoals:4)
  11 yaktaurs
  A hellwing (Pan)
  A hornet (Depths:2)
  A slime creature (Depths:4)
  A merfolk (Shoals:4)
  5 dream sheep (Lair:6)
  A tarantella (Spider:3)
  A ynoxinul (Pan)
  A human (D:12)
  A neqoxec (Abyss:3)
  A hell hound (Hell)
  An orc warrior (Vaults:5)
  A slave (D:9)
  A sky beast (D:15)
  2 ogres (Vaults:5)
  3 centaurs
  15 ball lightnings (Pan)
  3 orcs
  A demonic plant (Pan)
  8 fungi
  2 lurking horrors (Abyss:3)
  48 plants
  3 starspawn tentacles (Abyss:3)
  9 tentacles
146 creatures vanquished.

Grand Total: 3415 creatures vanquished

Notes
Turn   | Place    | Note
-------+----------+-------------------------------------------
     0 | D:1      | xccam the Gnoll Wanderer began the quest for the Orb.
     0 | D:1      | xccam set off with: a +2 scale mail, a +0 mace, a scroll of teleportation, a ration
     0 | D:1      | Reached XP level 1. HP: 26/26 MP: 2/2
    95 | D:1      | Reached XP level 2. HP: 25/33 MP: 3/3
   844 | D:2      | Reached XP level 3. HP: 38/38 MP: 4/4
   949 | D:2      | Reached skill level 1 in Invocations
  1060 | D:2      | Reached skill level 1 in Short Blades
  1060 | D:2      | Reached skill level 1 in Long Blades
  1060 | D:2      | Reached skill level 1 in Axes
  1060 | D:2      | Reached skill level 1 in Polearms
  1060 | D:2      | Reached skill level 1 in Staves
  1060 | D:2      | Reached skill level 1 in Slings
  1060 | D:2      | Reached skill level 1 in Bows
  1060 | D:2      | Reached skill level 1 in Crossbows
  1060 | D:2      | Reached skill level 1 in Throwing
  1060 | D:2      | Reached skill level 1 in Dodging
  1060 | D:2      | Reached skill level 1 in Shields
  1060 | D:2      | Reached skill level 1 in Unarmed Combat
  1060 | D:2      | Reached skill level 1 in Spellcasting
  1229 | D:2      | Reached XP level 4. HP: 45/45 MP: 6/6
  1245 | D:2      | Noticed Jessica
  1255 | D:2      | Killed Jessica
  1255 | D:2      | Reached skill level 1 in Conjurations
  1255 | D:2      | Reached skill level 1 in Hexes
  1255 | D:2      | Reached skill level 1 in Charms
  1255 | D:2      | Reached skill level 1 in Summonings
  1255 | D:2      | Reached skill level 1 in Necromancy
  1255 | D:2      | Reached skill level 1 in Translocations
  1255 | D:2      | Reached skill level 1 in Transmutations
  1255 | D:2      | Reached skill level 1 in Fire Magic
  1255 | D:2      | Reached skill level 1 in Ice Magic
  1255 | D:2      | Reached skill level 1 in Air Magic
  1255 | D:2      | Reached skill level 1 in Earth Magic
  1255 | D:2      | Reached skill level 1 in Poison Magic
  1304 | D:2      | Reached XP level 5. HP: 42/51 MP: 7/7
  1603 | D:3      | Found a blossoming altar of Fedhas.
  1821 | D:3      | Noticed TheNamelessOne's ghost (amateur DrEE)
  1834 | D:3      | Killed TheNamelessOne's ghost
  1834 | D:3      | Reached XP level 6. HP: 33/57 MP: 8/8
  2214 | D:3      | Reached XP level 7. HP: 14/63 MP: 10/10
  2550 | D:4      | Found a staircase to the Ecumenical Temple.
  2566 | Temple   | Entered the Ecumenical Temple
  2741 | D:4      | Noticed Dowan
  2761 | D:4      | Noticed Duvessa
  2769 | D:4      | Killed Duvessa
  2786 | D:4      | Killed Dowan
  2786 | D:4      | Reached XP level 8. HP: 9/71 MP: 12/12
  3333 | D:4      | Found Wotzuemu's Armour Shop.
  3626 | D:5      | Entered Level 5 of the Dungeon
  3676 | D:5      | Found Onisch's Distillery.
  3698 | D:5      | Bought a potion of mutation for 88 gold pieces
  3698 | D:5      | Bought a potion of heal wounds for 55 gold pieces
  4725 | D:5      | Noticed Prince Ribbit
  4785 | D:5      | Reached XP level 9. HP: 28/76 MP: 14/14
  4913 | D:5      | Found a snail-covered altar of Cheibriados.
  4921 | D:5      | Became a worshipper of Cheibriados the Contemplative
  4985 | D:5      | Killed Prince Ribbit
  5499 | D:6      | Was placed under penance by Cheibriados
  5731 | D:6      | Found a glowing drain.
  5736 | D:6      | Was forgiven by Cheibriados
  5779 | Sewer    | Entered a sewer
  5817 | Sewer    | Reached skill level 5 in Maces & Flails
  5817 | Sewer    | Reached skill level 5 in Evocations
  6080 | D:6      | Noticed Grinder
  6094 | D:6      | Killed Grinder
  6094 | D:6      | Reached skill level 5 in Stealth
  6104 | D:6      | Reached * piety under Cheibriados
  6331 | D:6      | Reached skill level 5 in Invocations
  6714 | D:7      | Noticed a two-headed ogre
  6727 | D:6      | Killed a two-headed ogre
  6727 | D:6      | Reached XP level 10. HP: 27/85 MP: 15/17
  7127 | D:7      | Reached skill level 5 in Short Blades
  7127 | D:7      | Reached skill level 5 in Long Blades
  7127 | D:7      | Reached skill level 5 in Axes
  7127 | D:7      | Reached skill level 5 in Polearms
  7127 | D:7      | Reached skill level 5 in Staves
  7127 | D:7      | Reached skill level 5 in Slings
  7127 | D:7      | Reached skill level 5 in Bows
  7127 | D:7      | Reached skill level 5 in Crossbows
  7127 | D:7      | Reached skill level 5 in Throwing
  7127 | D:7      | Reached skill level 5 in Dodging
  7127 | D:7      | Reached skill level 5 in Shields
  7127 | D:7      | Reached skill level 5 in Unarmed Combat
  7127 | D:7      | Reached skill level 5 in Spellcasting
  7411 | D:7      | Noticed xccam's ghost (novice GnWn)
  7420 | D:7      | Killed xccam's ghost
  7436 | D:7      | Reached skill level 10 in Fighting
  7440 | D:7      | Reached ** piety under Cheibriados
  8110 | D:8      | Noticed cirnu's ghost (novice DsGl)
  8122 | D:8      | Killed cirnu's ghost
  8127 | D:8      | Noticed a two-headed ogre
  8132 | D:8      | Killed a two-headed ogre
  8132 | D:8      | Reached XP level 11. HP: 59/91 MP: 19/19
  8368 | D:8      | Reached *** piety under Cheibriados
  8468 | D:8      | Noticed a two-headed ogre
  8475 | D:8      | Killed a two-headed ogre
  8753 | D:8      | Noticed a two-headed ogre
  8767 | D:8      | Killed a two-headed ogre
  8767 | D:8      | Reached skill level 5 in Conjurations
  8767 | D:8      | Reached skill level 5 in Hexes
  8767 | D:8      | Reached skill level 5 in Charms
  8767 | D:8      | Reached skill level 5 in Summonings
  8767 | D:8      | Reached skill level 5 in Necromancy
  8767 | D:8      | Reached skill level 5 in Translocations
  8767 | D:8      | Reached skill level 5 in Transmutations
  8767 | D:8      | Reached skill level 5 in Fire Magic
  8767 | D:8      | Reached skill level 5 in Ice Magic
  8767 | D:8      | Reached skill level 5 in Air Magic
  8767 | D:8      | Reached skill level 5 in Earth Magic
  8767 | D:8      | Reached skill level 5 in Poison Magic
  8985 | D:9      | Noticed Pikel
  9463 | D:8      | Killed Pikel
  9585 | D:9      | Reached **** piety under Cheibriados
  9590 | D:9      | Found a staircase to the Lair.
 10384 | D:9      | Noticed a two-headed ogre
 10396 | D:9      | Killed a two-headed ogre
 10440 | D:9      | Reached ***** piety under Cheibriados
 10609 | D:10     | Entered Level 10 of the Dungeon
 10616 | D:10     | Found a stormy altar of Qazlal.
 10848 | D:10     | Found a portal to a secret trove of treasure.
 10869 | D:10     | Reached XP level 12. HP: 43/99 MP: 22/22
 11951 | D:11     | Found an ancient bone altar of Kikubaaqudgha.
 12778 | D:12     | Reached ****** piety under Cheibriados
 12806 | D:12     | Noticed a two-headed ogre
 12812 | D:12     | Killed a two-headed ogre
 12917 | D:12     | Noticed Kirke
 12952 | D:12     | HP: 4/100 [ice beast (14)]
 13337 | Lair:1   | Entered Level 1 of the Lair of Beasts
 13371 | Lair:1   | Reached skill level 10 in Armour
 14152 | Lair:1   | Reached XP level 13. HP: 103/106 MP: 24/24
 16028 | Lair:2   | Got a shimmering chain mail
 16029 | Lair:2   | Identified the +7 chain mail of the Mantidfly {rPois MR+} (You found it on level 2 of the Lair of Beasts)
 16706 | Lair:3   | Found a staircase to the Shoals.
 16720 | Lair:3   | Found a hole to the Spider Nest.
 17632 | Lair:4   | Identified 3 scrolls of acquirement
 17633 | Lair:4   | Got a transparent crystal amulet
 17635 | Lair:4   | Identified the amulet "Teca" {Reflect rC++ Str+10 SH+3 Stlth-} (You acquired it on level 4 of the Lair of Beasts)
 17676 | Lair:4   | Found a labyrinth entrance.
 17693 | Lab      | Entered a labyrinth
 17838 | Lab      | Noticed a minotaur
 17843 | Lab      | Killed a minotaur
 17849 | Lab      | Identified Uniacah's Grimoire of Toxins and Creation
 17851 | Lab      | Got a warped flail
 17864 | Lab      | Identified the +9 flail of Conscience {crush, *Corrode Int+4 Dex+2} (You found it in a labyrinth)
 17885 | Lab      | Got a faintly glowing war axe {speed}
 17900 | Lair:4   | Got a transparent copper ring
 17901 | Lair:4   | Identified the ring "Hoas" {Str+6 SInv Stlth+} (You acquired it on level 4 of the Lair of Beasts)
 17903 | Lair:4   | Got a wavering turquoise ring
 17904 | Lair:4   | Identified the ring "Otokk" {*Slow +Fly rPois Int+2 Stlth+} (You acquired it on level 4 of the Lair of Beasts)
 18528 | Lair:5   | Found a staircase to the Slime Pits.
 18528 | Lair:5   | Found a viscous altar of Jiyva.
 18642 | Lair:5   | Got an encrusted shield
 18643 | Lair:5   | Identified the +2 shield "Ciresitt" {Int+2} (You found it on level 5 of the Lair of Beasts)
 19338 | Lair:6   | Entered Level 6 of the Lair of Beasts
 19338 | Lair:6   | Found a frozen archway.
 19369 | IceCv    | Entered an ice cave
 19405 | IceCv    | Reached XP level 14. HP: 114/114 MP: 26/26
 20279 | Lair:6   | Reached skill level 10 in Invocations
 20625 | Lair:6   | Found a shimmering altar of Xom.
 21291 | D:12     | Noticed Erolcha
 21300 | D:12     | Killed Erolcha
 21403 | D:12     | Noticed a sphinx
 21406 | D:12     | Killed Kirke
 21464 | D:12     | Found a staircase to the Orcish Mines.
 21515 | D:12     | Noticed Snorg
 21536 | D:12     | Killed Snorg
 21697 | D:12     | Reached XP level 15. HP: 116/122 MP: 28/28
 21834 | D:12     | Noticed Harold
 21851 | D:12     | Killed Harold
 21909 | Orc:1    | Entered Level 1 of the Orcish Mines
 21975 | Orc:1    | Found a shimmering altar of Xom.
 22013 | Orc:1    | Found Nuopne Joeda's Magic Scroll Emporium.
 22172 | Orc:2    | Entered Level 2 of the Orcish Mines
 22182 | Orc:2    | Reached skill level 10 in Maces & Flails
 22182 | Orc:2    | Reached skill level 10 in Evocations
 22399 | Orc:2    | Reached skill level 10 in Stealth
 22909 | Orc:2    | Paralysed by an orc sorcerer for 2 turns
 22949 | Orc:2    | Found a staircase to the Elven Halls.
 23306 | Orc:2    | Found Jifaris's Antique Weapon Boutique.
 23309 | Orc:2    | Found Rajiweaf's Food Boutique.
 23310 | Orc:2    | Found Vuqiuts's Book Boutique.
 23311 | Orc:2    | Found Isyecwa's Antique Armour Shop.
 23319 | Orc:2    | Bought a pair of encrusted gloves for 237 gold pieces
 23329 | Orc:2    | Identified the cursed -2 pair of gloves of Amorality {*Drain rN+ Str+2 Slay+3} (You bought it in a shop on level 2 of the Orcish Mines)
 23659 | D:4      | Bought the +3 crown of Dyrovepreva {rElec Int+2 SInv} for 579 gold pieces
 23659 | D:4      | Found the +3 crown of Dyrovepreva {rElec Int+2 SInv}
 23909 | Spider:1 | Entered Level 1 of the Spider Nest
 23942 | Spider:1 | Reached skill level 10 in Short Blades
 23942 | Spider:1 | Reached skill level 10 in Long Blades
 23942 | Spider:1 | Reached skill level 10 in Axes
 23942 | Spider:1 | Reached skill level 10 in Polearms
 23942 | Spider:1 | Reached skill level 10 in Staves
 23942 | Spider:1 | Reached skill level 10 in Slings
 23942 | Spider:1 | Reached skill level 10 in Bows
 23942 | Spider:1 | Reached skill level 10 in Crossbows
 23942 | Spider:1 | Reached skill level 10 in Throwing
 23942 | Spider:1 | Reached skill level 10 in Dodging
 23942 | Spider:1 | Reached skill level 10 in Shields
 23942 | Spider:1 | Reached skill level 10 in Unarmed Combat
 23942 | Spider:1 | Reached skill level 10 in Spellcasting
 23971 | Spider:1 | Noticed Roxanne
 24051 | Spider:1 | Killed Roxanne
 24056 | Spider:1 | Learned a level 1 spell: Apportation
 24290 | Spider:1 | Noticed Asterion
 24314 | Spider:1 | Noticed a balrug
 24317 | Spider:1 | Killed Asterion
 25422 | Spider:3 | Reached XP level 16. HP: 100/129 MP: 30/30
 25531 | Spider:3 | Learned a level 3 spell: Lesser Beckoning
 26133 | Spider:4 | Entered Level 4 of the Spider Nest
 28402 | Spider:4 | Got a gossamer rune of Zot
 28891 | D:13     | Learned a level 2 spell: Blink
 28991 | D:13     | Reached XP level 17. HP: 137/137 MP: 32/32
 29022 | D:13     | Found the +8 trident of the Octopus King {venom, rElec rPois MR+}
 29026 | D:13     | Got a crude buckler
 29038 | D:13     | Identified the +2 buckler "Bifahy" {rPois rF++ Int+2 Dex-2} (You found it on level 13 of the Dungeon)
 29049 | D:13     | Got a glittering lapis lazuli ring
 29051 | D:13     | Identified the ring "Ticrev" {rPois rF+ MR+ Int+3 Dex-5} (You found it on level 13 of the Dungeon)
 29190 | D:13     | Found a gate to the Vaults.
 29280 | D:13     | Found Muist's Antique Weapon Shop.
 29723 | D:14     | Found a sparkling altar of Nemelex Xobeh.
 30174 | D:15     | Entered Level 15 of the Dungeon
 30549 | D:15     | Found a staircase to the Depths.
 31368 | Shoals:1 | Entered Level 1 of the Shoals
 31472 | Shoals:1 | Noticed Josephine
 31475 | Shoals:1 | Killed Josephine
 31479 | Shoals:1 | Noticed Donald
 31487 | Shoals:1 | Killed Donald
 31501 | Shoals:1 | Got a polished shield {Donald}
 31512 | Shoals:1 | Identified the cursed +0 shield of Wasted Space {*Drain MR+ Str+3} (You took it off Donald on level 1 of the Shoals)
 31653 | Shoals:1 | Noticed Nattefrost's ghost (adept GnHu)
 31688 | Shoals:1 | Killed Nattefrost's ghost
 32250 | Shoals:2 | Reached skill level 10 in Conjurations
 32250 | Shoals:2 | Reached skill level 10 in Hexes
 32250 | Shoals:2 | Reached skill level 10 in Charms
 32250 | Shoals:2 | Reached skill level 10 in Summonings
 32250 | Shoals:2 | Reached skill level 10 in Necromancy
 32250 | Shoals:2 | Reached skill level 10 in Translocations
 32250 | Shoals:2 | Reached skill level 10 in Transmutations
 32250 | Shoals:2 | Reached skill level 10 in Fire Magic
 32250 | Shoals:2 | Reached skill level 10 in Ice Magic
 32250 | Shoals:2 | Reached skill level 10 in Air Magic
 32250 | Shoals:2 | Reached skill level 10 in Earth Magic
 32250 | Shoals:2 | Reached skill level 10 in Poison Magic
 32256 | Shoals:2 | Learned a level 3 spell: Teleport Other
 32262 | Shoals:2 | Learned a level 5 spell: Lightning Bolt
 32268 | Shoals:2 | Learned a level 5 spell: Lee's Rapid Deconstruction
 32344 | Shoals:2 | Reached XP level 18. HP: 121/145 MP: 31/33
 33693 | Shoals:3 | Noticed Mara
 33695 | Shoals:3 | Noticed Nikola
 34042 | Shoals:2 | Killed Nikola
 34115 | Shoals:3 | Noticed xccam's illusion
 34293 | Shoals:3 | Noticed xccam's illusion
 34461 | Shoals:3 | Noticed xccam's illusion
 34651 | Shoals:3 | Noticed Jorgrun
 34668 | Shoals:3 | Killed Jorgrun
 35037 | Shoals:3 | Noticed xccam's illusion
 35273 | Shoals:4 | Entered Level 4 of the Shoals
 35273 | Shoals:4 | Found Zeugger's Antique Weapon Emporium.
 35429 | Shoals:4 | Got a brightly glowing whip {flame}
 35430 | Shoals:4 | Identified the +7 whip of the Tooth {flame, rC+ SInv} (You took it off a merfolk on level 4 of the Shoals)
 36437 | Shoals:4 | Noticed Ilsuiw
 36450 | Shoals:4 | Killed Ilsuiw
 37558 | Shoals:4 | Reached XP level 19. HP: 118/153 MP: 35/35
 37915 | Shoals:4 | Got a barnacled rune of Zot
 38447 | Vaults:1 | Entered Level 1 of the Vaults
 40708 | Vaults:2 | Reached XP level 20. HP: 144/161 MP: 36/36
 40723 | Vaults:2 | Reached skill level 15 in Fighting
 41099 | Vaults:2 | Noticed Jory
 41227 | Vaults:2 | Killed Jory
 42262 | Vaults:3 | Noticed a Brimstone Fiend
 42267 | Vaults:3 | Noticed a Brimstone Fiend
 42291 | Vaults:3 | Found a ruined gateway.
 42494 | Desolati | Entered the Desolation of Salt
 43078 | Desolati | Identified the Disquisition on Damaging Clay
 43120 | Desolati | Found the +8 orange crystal plate armour {Archmagi, Int+3 Clar}
 43135 | Desolati | Got a vibrating graven amulet
 43136 | Desolati | Identified the amulet of Qill {Regen+ Int+3 Dex+5} (You found it in the Desolation of Salt)
 43155 | Desolati | Got a crude shield
 43156 | Desolati | Identified the +1 shield of Hide-and-Seek {*Drain rElec Str+8} (You found it in the Desolation of Salt)
 43161 | Desolati | Identified Yrusme's Disquisition on Earthen Displacement
 43239 | Desolati | Reached XP level 21. HP: 74/169 MP: 38/38
 43618 | Desolati | Got a brightly glowing copper amulet
 43619 | Desolati | Identified the amulet "Cafuofau" {Spirit rPois rC+ Dex-5 SInv} (You found it in the Desolation of Salt)
 43766 | Desolati | Got a glittering golden amulet
 43767 | Desolati | Identified the amulet "Eheudene" {+Rage rPois rF+} (You found it in the Desolation of Salt)
 43820 | Desolati | Got a flickering pewter ring
 43821 | Desolati | Identified the ring "Harupt" {*Drain rElec rPois rN++ Stlth+} (You found it in the Desolation of Salt)
 44104 | Vaults:3 | Found a staircase to the Crypt.
 44471 | Vaults:3 | Noticed a caustic shrike
 44483 | Vaults:3 | Killed a caustic shrike
 44483 | Vaults:3 | Reached skill level 15 in Armour
 44725 | Vaults:3 | Noticed Boris
 44749 | Vaults:3 | Killed Boris
 44774 | Vaults:3 | Noticed Xtahua
 44784 | Vaults:3 | Killed Xtahua
 44784 | Vaults:3 | Reached skill level 15 in Invocations
 45076 | Vaults:3 | Noticed Vajrapani's ghost (adept OpWn)
 45088 | Vaults:3 | Killed Vajrapani's ghost
 45313 | Vaults:4 | Learned a level 5 spell: Fireball
 45587 | Vaults:4 | Reached XP level 22. HP: 156/177 MP: 40/40
 46600 | Vaults:4 | Found Helinniawn's Assorted Antiques.
 46692 | Vaults:4 | Learned a level 4 spell: Summon Ice Beast
 46920 | Elf:1    | Entered Level 1 of the Elven Halls
 46987 | Elf:1    | Noticed Agnes
 46992 | Elf:1    | Killed Agnes
 46997 | Elf:1    | Killed the ghostly Agnes
 47463 | Elf:1    | Found Hoss's Food Emporium.
 48113 | Elf:2    | Found a radiant altar of Vehumet.
 48523 | Elf:2    | Found a runed gate.
 48523 | Elf:2    | Found a runed gate.
 48523 | Elf:2    | Found a runed gate.
 48976 | Elf:2    | Reached XP level 23. HP: 162/185 MP: 32/41
 49161 | Elf:3    | Entered Level 3 of the Elven Halls
 49253 | Elf:3    | Found Laiq Wedd's Gadget Shop.
 49463 | Elf:3    | Got a scorched quarterstaff
 49701 | Elf:3    | Reached skill level 15 in Maces & Flails
 49701 | Elf:3    | Reached skill level 15 in Evocations
 50091 | Elf:3    | Reached skill level 15 in Stealth
 50126 | Elf:3    | Got a fine amber ring
 50128 | Elf:3    | Identified the ring "Coushixi" {MP+9 Str+7} (You took it off a deep elf mage on level 3 of the Elven Halls)
 50465 | Elf:3    | Found the +2 hat of the Bear Spirit {Spirit, +Rage rN+ MR++}
 50516 | Elf:3    | Identified the Collected Works on Flames and the Rocks
 50518 | Elf:3    | Identified Notefaopt's Compendium of Bewitchment
 50534 | Elf:3    | Learned a level 5 spell: Borgnjor's Vile Clutch
 50552 | Elf:3    | Reached skill level 15 in Short Blades
 50552 | Elf:3    | Reached skill level 15 in Long Blades
 50552 | Elf:3    | Reached skill level 15 in Axes
 50552 | Elf:3    | Reached skill level 15 in Polearms
 50552 | Elf:3    | Reached skill level 15 in Staves
 50552 | Elf:3    | Reached skill level 15 in Slings
 50552 | Elf:3    | Reached skill level 15 in Bows
 50552 | Elf:3    | Reached skill level 15 in Crossbows
 50552 | Elf:3    | Reached skill level 15 in Throwing
 50552 | Elf:3    | Reached skill level 15 in Dodging
 50552 | Elf:3    | Reached skill level 15 in Shields
 50552 | Elf:3    | Reached skill level 15 in Unarmed Combat
 50552 | Elf:3    | Reached skill level 15 in Spellcasting
 51003 | Elf:3    | Got a bound brass ring
 51062 | Elf:3    | Got a sparkling amber ring
 51596 | Vaults:5 | Entered Level 5 of the Vaults
 51611 | Vaults:5 | Noticed Ratty's ghost (veteran CeMo)
 52264 | Vaults:4 | Reached XP level 24. HP: 182/193 MP: 42/42
 52298 | Vaults:5 | Noticed an ancient lich
 52376 | Vaults:4 | Identified the cursed ring "Zaptu" {EV-2 Int+5} (You took it off a deep elf master archer on level 3 of the Elven Halls)
 52377 | Vaults:4 | Identified the ring "Iqataq" {Int+4 Stlth+} (You took it off a deep elf blademaster on level 3 of the Elven Halls)
 52473 | Vaults:4 | Killed an ancient lich
 53316 | Vaults:5 | Killed Ratty's ghost
 53430 | Vaults:5 | Got a sparkling iron ring
 53431 | Vaults:5 | Identified the ring "Peytot" {rF+ rC+ MP+9 Dex+3} (You found it on level 5 of the Vaults)
 53914 | Vaults:5 | Noticed an ancient lich
 53919 | Vaults:5 | Killed an ancient lich
 54021 | Vaults:5 | Reached XP level 25. HP: 136/202 MP: 42/42
 54409 | Vaults:5 | Got a steaming silver ring
 54410 | Vaults:5 | Identified the ring "Monole" {*Drain rElec MR+ Str+4 SInv} (You took it off a vault warden on level 5 of the Vaults)
 54722 | Vaults:5 | Got a silver rune of Zot
 54842 | Vaults:5 | Identified Itiec's Tome of Floating Evil
 55382 | Slime:1  | Entered Level 1 of the Pits of Slime
 55564 | Slime:1  | Gained mutation: You are weak. (Str -2) [a shining eye]
 55861 | Slime:1  | Gained mutation: You are frail. (-10% HP) [a shining eye]
 56039 | Slime:1  | Lost mutation: You are frail. (-10% HP) [potion of mutation]
 56039 | Slime:1  | Lost mutation: You are weak. (Str -2) [potion of mutation]
 56039 | Slime:1  | Gained mutation: Your body sometimes deteriorates upon taking damage. [potion of mutation]
 56039 | Slime:1  | Gained mutation: You have large cloven feet. [potion of mutation]
 56039 | Slime:1  | Gained mutation: Your flesh is cold resistant. (rC+) [potion of mutation]
 56039 | Slime:1  | Gained mutation: You are resistant to hostile enchantments. (MR+) [potion of mutation]
 56080 | Slime:2  | Gained mutation: Scrolls take you a little longer to read. [a shining eye]
 56177 | Slime:2  | Gained mutation: Armour fits poorly on your strangely shaped body. [a shining eye]
 56197 | Slime:2  | Gained mutation: You occasionally shout uncontrollably at your foes. [a shining eye]
 56199 | Slime:2  | Gained mutation: You are dopey. (Int -2) [a shining eye]
 56577 | Slime:3  | Gained mutation: Your spells are a little easier to cast, but a little less powerful. [a shining eye]
 56584 | Slime:3  | Lost mutation: You are dopey. (Int -2) [potion of mutation]
 56584 | Slime:3  | Lost mutation: Scrolls take you a little longer to read. [potion of mutation]
 56584 | Slime:3  | Gained mutation: You are frail. (-10% HP) [potion of mutation]
 56584 | Slime:3  | Gained mutation: Your body often deteriorates upon taking damage. [potion of mutation]
 56584 | Slime:3  | Gained mutation: Your flesh is very cold resistant. (rC++) [potion of mutation]
 56585 | Slime:3  | Lost mutation: You are frail. (-10% HP) [potion of mutation]
 56585 | Slime:3  | Lost mutation: Your body often deteriorates upon taking damage. [potion of mutation]
 56585 | Slime:3  | Lost mutation: Armour fits poorly on your strangely shaped body. [potion of mutation]
 56585 | Slime:3  | Gained mutation: You are partially covered in molten scales. (AC +2) [potion of mutation]
 57036 | Slime:5  | Entered Level 5 of the Pits of Slime
 57120 | Slime:5  | Gained mutation: Potions are less effective at restoring your health. [a shining eye]
 57121 | Slime:5  | Lost mutation: Your body sometimes deteriorates upon taking damage. [a shining eye]
 57122 | Slime:5  | Gained mutation: Your magical capacity is low. (-10% MP) [a shining eye]
 57123 | Slime:5  | Gained mutation: Your body sometimes deteriorates upon taking damage. [a shining eye]
 57268 | Slime:5  | Noticed the Royal Jelly
 57285 | Slime:5  | Killed the Royal Jelly
 57761 | Slime:5  | Identified the Catalogue of Augmentations
 57825 | Slime:5  | Identified Jots's Incunabulum of Excruciating Snow
 57831 | Slime:5  | Got a slimy rune of Zot
 58432 | Depths:1 | Entered Level 1 of the Depths
 58432 | Depths:1 | Found a gateway to Hell.
 58439 | Depths:1 | Noticed Aizul
 58450 | Depths:1 | Killed Aizul
 58517 | Depths:1 | Found a flickering gateway to a bazaar.
 58526 | Bazaar   | Entered a bazaar
 58526 | Bazaar   | Found Hujupp's Gadget Shoppe.
 58533 | Bazaar   | Found Uvuuv Fanu's Antique Armour Boutique.
 58547 | Bazaar   | Found Zebluf Unwes's General Store.
 58586 | Bazaar   | Found Wud Goh's Gadget Shop.
 58592 | Bazaar   | Bought a phantom mirror for 360 gold pieces
 58628 | Bazaar   | Bought a phantom mirror for 300 gold pieces
 58664 | Depths:1 | Reached XP level 26. HP: 211/211 MP: 39/39
 58744 | Depths:1 | Found Qegrad's One-of-a-Kind Books.
 58981 | Depths:1 | Found a one-way gate leading to the halls of Pandemonium.
 59579 | Depths:2 | Noticed the Enchantress
 59598 | Depths:2 | Killed the Enchantress
 59884 | Depths:2 | Found a bloodstained altar of Trog.
 61221 | Depths:3 | Found a gateway to a ziggurat.
 61352 | Depths:3 | Found a one-way gate to the infinite horrors of the Abyss.
 61356 | Depths:3 | Voluntarily entered the Abyss.
 61368 | Abyss:1  | Found a corrupted altar of Lugonu.
 61507 | Abyss:1  | Paralysed by accursed screaming for 1 turns
 61604 | Abyss:1  | Paralysed by you for 2 turns
 61756 | Abyss:2  | Found a blossoming altar of Fedhas.
 61769 | Abyss:2  | Lost mutation: You occasionally shout uncontrollably at your foes. [a neqoxec]
 61831 | Abyss:3  | Found a corrupted altar of Lugonu.
 61973 | Abyss:3  | Gained mutation: Your magical capacity is very low. (-20% MP) [a neqoxec]
 62082 | Abyss:3  | Got an abyssal rune of Zot
 62401 | Abyss:3  | Reached XP level 27. HP: 219/219 MP: 35/35
 62461 | Abyss:3  | Paralysed by accursed screaming for 1 turns
 62467 | Abyss:3  | Paralysed by accursed screaming for 1 turns
 62482 | Depths:3 | Escaped the Abyss
 63240 | Depths:3 | Found Hal Uxaz's Weapon Emporium.
 63244 | Depths:3 | Found Necyedimn's Jewellery Emporium.
 63605 | Depths:4 | Got a warped pewter ring
 63606 | Depths:4 | Identified the cursed ring of Checkmate {rPois Int-6} (You found it on level 4 of the Depths)
 63639 | Depths:4 | Found Gommaaga's Food Shoppe.
 64238 | Depths:5 | Entered Level 5 of the Depths
 64265 | Depths:5 | Noticed Mennas
 64300 | Depths:5 | Killed Mennas
 64495 | Depths:5 | Learned a level 3 spell: Regeneration
 64660 | Depths:5 | Reached skill level 15 in Conjurations
 64660 | Depths:5 | Reached skill level 15 in Hexes
 64660 | Depths:5 | Reached skill level 15 in Charms
 64660 | Depths:5 | Reached skill level 15 in Summonings
 64660 | Depths:5 | Reached skill level 15 in Necromancy
 64660 | Depths:5 | Reached skill level 15 in Translocations
 64660 | Depths:5 | Reached skill level 15 in Transmutations
 64660 | Depths:5 | Reached skill level 15 in Fire Magic
 64660 | Depths:5 | Reached skill level 15 in Ice Magic
 64660 | Depths:5 | Reached skill level 15 in Air Magic
 64660 | Depths:5 | Reached skill level 15 in Earth Magic
 64660 | Depths:5 | Reached skill level 15 in Poison Magic
 64697 | Depths:5 | Found a gate to the Realm of Zot.
 64921 | Depths:5 | Noticed a juggernaut
 64936 | Depths:5 | Killed a juggernaut
 65310 | Depths:5 | Noticed Frederick
 65318 | Depths:5 | Killed Frederick
 65419 | Hell     | Entered the Vestibule of Hell
 65419 | Hell     | Noticed Geryon
 65428 | Hell     | Killed Geryon
 65526 | Hell     | Found a gateway to the freezing wastes of Cocytus.
 65868 | Hell     | Found a gateway to the decaying netherworld of Tartarus.
 65943 | Hell     | Found a gateway to the ashen valley of Gehenna.
 65984 | Hell     | Found a gateway to the Iron City of Dis.
 66381 | Pan      | Entered Pandemonium
 66817 | Pan      | Found an exit through the horrors of the Abyss.
 67170 | Pan      | Got an encrusted cloak
 67171 | Pan      | Identified the +1 cloak "Kese" {Str+4} (You acquired it in Pandemonium)
 67174 | Pan      | Entered the realm of Mnoleg.
 67200 | Pan      | Gained mutation: Your body often deteriorates upon taking damage. [a neqoxec]
 67206 | Pan      | Gained mutation: You are occasionally teleported next to monsters. [a neqoxec]
 67238 | Pan      | Gained mutation: Armour fits poorly on your strangely shaped body. [a neqoxec]
 67462 | Pan      | Lost mutation: Your body often deteriorates upon taking damage. [a cacodemon]
 67464 | Pan      | Gained mutation: You are sometimes teleported next to monsters. [a cacodemon]
 67466 | Pan      | Lost mutation: Your spells are a little easier to cast, but a little less powerful. [a cacodemon]
 67469 | Pan      | Lost mutation: Your body sometimes deteriorates upon taking damage. [a cacodemon]
 67489 | Pan      | Lost mutation: You are resistant to hostile enchantments. (MR+) [potion of mutation]
 67489 | Pan      | Lost mutation: Armour fits poorly on your strangely shaped body. [potion of mutation]
 67489 | Pan      | Lost mutation: You have large cloven feet. [potion of mutation]
 67507 | Pan      | Gained mutation: Scrolls take you a little longer to read. [a cacodemon]
 67514 | Pan      | Gained mutation: You are frail. (-10% HP) [a cacodemon]
 67515 | Pan      | Gained mutation: You are clumsy. (Dex -2) [a cacodemon]
 67539 | Pan      | Noticed Mnoleg
 67561 | Pan      | Paralysed by a floating eye for 3 turns
 67569 | Pan      | Paralysed by a floating eye for 2 turns
 67573 | Pan      | HP: 2/199 [tentacled monstrosity[Mnoleg] (8)]
 67597 | Pan      | Gained mutation: Your body sometimes deteriorates upon taking damage. [a neqoxec]
 67968 | Pan      | Gained mutation: Your magical capacity is extremely low. (-30% MP) [a cacodemon]
 68098 | Pan      | Gained mutation: Your body often deteriorates upon taking damage. [a cacodemon]
 68205 | Pan      | Killed Mnoleg
 68227 | Pan      | Got a glowing rune of Zot
 68309 | Pan      | Entered the realm of Lom Lobon.
 68435 | Pan      | Got an ancient trident
 68467 | Pan      | Found an exit through the horrors of the Abyss.
 68525 | Pan      | Noticed Lom Lobon
 68557 | Pan      | HP: 6/199 [Lom Lobon/great icy blast (33)]
 69051 | Pan      | Killed Lom Lobon
 69078 | Pan      | Got a magical rune of Zot
 69570 | Pan      | Gained mutation: You are very clumsy. (Dex -4) [a neqoxec]
 69696 | Pan      | Found an exit through the horrors of the Abyss.
 69776 | Pan      | Lost mutation: You are very clumsy. (Dex -4) [potion of mutation]
 69776 | Pan      | Lost mutation: You are sometimes teleported next to monsters. [potion of mutation]
 69776 | Pan      | Lost mutation: Your body often deteriorates upon taking damage. [potion of mutation]
 69776 | Pan      | Lost mutation: Your flesh is very cold resistant. (rC++) [potion of mutation]
 69776 | Pan      | Lost mutation: You are frail. (-10% HP) [potion of mutation]
 69898 | Pan      | Found a huge runed gate.
 69904 | Pan      | Noticed Kameum the pandemonium lord
 69932 | Pan      | Killed Kameum the pandemonium lord
 69944 | Pan      | Gained mutation: Your body often deteriorates upon taking damage. [a neqoxec]
 70513 | Pan      | Found an exit through the horrors of the Abyss.
 70526 | Pan      | Gained mutation: You are weak. (Str -2) [a cacodemon]
 70867 | Pan      | Lost mutation: Your body often deteriorates upon taking damage. [a neqoxec]
 71363 | Pan      | Found an exit through the horrors of the Abyss.
 71529 | Pan      | Noticed Ywowk the pandemonium lord
 71547 | Pan      | Killed Ywowk the pandemonium lord
 71952 | Pan      | Entered the realm of Cerebov.
 72586 | Pan      | Got a pair of encrusted gloves
 72592 | Pan      | Identified the +1 pair of gloves of the Lotus Blossom {rElec} (You found it in Pandemonium)
 72705 | Pan      | Noticed Cerebov
 72714 | Pan      | HP: 4/224 [balrug/divine providence (14)]
 73041 | Pan      | Lost mutation: Your body sometimes deteriorates upon taking damage. [potion of mutation]
 73041 | Pan      | Lost mutation: Your magical capacity is extremely low. (-30% MP) [potion of mutation]
 73041 | Pan      | Lost mutation: Your magical capacity is very low. (-20% MP) [potion of mutation]
 73041 | Pan      | Gained mutation: You have a somewhat thin skeletal structure. (Dex +2, Stealth) [potion of mutation]
 73041 | Pan      | Gained mutation: Your spells are a little harder to cast, but a little more powerful. [potion of mutation]
 73177 | Pan      | Got a pair of bloodstained boots
 73180 | Pan      | Identified the +2 pair of boots of the Gloaming {rN+ MR++ Int+3} (You found it in Pandemonium)
 73234 | Pan      | Got a scintillating tin amulet
 73270 | Pan      | Killed Cerebov
 73287 | Pan      | Identified the Compendium of Evil Weightlessness
 73302 | Pan      | Got a fiery rune of Zot
 73405 | Pan      | Identified the amulet "Welixt" {rN+ Regen+} (You took it off a balrug in Pandemonium)
 73423 | Pan      | Entered the realm of Gloorx Vloq.
 73595 | Pan      | Noticed Gloorx Vloq
 73603 | Pan      | Mangled by Gloorx Vloq

Vault maps used:
D:1:      roderic_crop_circles_arrival_small
D:2:      uniq_jessica
D:3:      fedhas_altar_3
D:4:      temple_pool_b, serial_shops, shop, uniq_duvessa
D:5:      lemuel_ratsnest, lemuel_coloured_pillars_altar, serial_shops, shop,
          first_ration, uniq_prince_ribbit1
D:6:      portal_sewer_entry_f, uniq_grinder
D:7:      serial_curves, eino_curves_02, eino_curves_01, minmay_crystal_room
D:8:      blue_anna_alchemist
D:9:      david_lair_shrubbed, minmay_misc_feat_iff, uniq_pikel
D:10:     basic_altar, enter_trove_0
D:11:     lemuel_hellish_altar
D:12:     zombieorc1_lemuel, serial_ice, serial_ice_j, serial_ice_h,
          serial_ice_e, serial_ice_n, serial_ice_g, serial_ice_b, serial_ice_d,
          serial_ice_c, serial_ice_m, serial_ice_o, uniq_erolcha, uniq_harold,
          uniq_snorg, uniq_kirke
D:13:     erik_vaults_2, serial_shops, kennysheep_mini_moat,
          minmay_variable_closet, minmay_checkered_concentric_circles
D:14:     special_room, minmay_strange_pillars, nemelex_altar_shiori
D:15:     grunt_enter_depths_hoard, st_stairs_4, small_chamber_with_monster,
          hex_large
Temple:   kilobyte_greek_temple
Lair:1:   beast_lair_carwin_7
Lair:2:   grunt_megastairs_4, lemuel_fruit_tree
Lair:3:   shoals_dummy_entry, dummy_spider_entry, minmay_stone_trees_small,
          minmay_lair_oklob_chamber
Lair:4:   lab_entry_generic, nicolae_quartered_pool_medium
Lair:5:   slime_altar_1
Lair:6:   minmay_lair_end_enchanted_forest, portal_ice_cave_entry_ice_beasts,
          kb_xom_exploding_sheep
Shoals:1: uniq_josephine, uniq_donald
Shoals:3: cheibrodos_shoals_baths, uniq_jorgrun, uniq_mara, uniq_bai_suzhen,
          uniq_nikola
Shoals:4: shoals_end_hangedman, shoals_ilsuiw_ice, serial_shops,
          nicolae_shop_waterfront
Spider:1: uniq_asterion, uniq_roxanne
Spider:3: nicolae_spider_cling_ruins
Spider:4: grunt_spider_rune_circles, hangedman_spider_tarantella_strand
Orc:1:    serial_shops, shop, basic_altar
Orc:2:    st_orc_pillars
Elf:1:    elf_arrival_001, serial_shops, shop, minmay_elf_crystal_heptagon,
          st_stairs_6, uniq_agnes
Elf:2:    basic_altar
Elf:3:    nooodl_elf_gasket, serial_shops, shop, spider_trap
Vaults:1: vaults_room_pools, nicolae_vaults_ring_of_whatevers,
          ontoclasm_vaults_loading_screen, v_pattern_2, v_rooms_2,
          dpeg_vaults_monster_row, dpeg_vaults_monster_box, st_lines,
          vaults_mumra_hexcomb, vaults_dpeg_cross, vaults_room_door_hall,
          nicolae_vaults_rhombus_6, ontoclasm_vaults_decontamination,
          nicolae_vaults_ring_of_whatevers
Vaults:2: ontoclasm_vaults_ligature, v_misc_17, v_misc_9,
          nicolae_vaults_little_squares_4, vaults_dpeg_spiral,
          vaults_mumra_minichess, nicolae_vaults_what_the_h,
          vaults_room_semicircle, nicolae_vaults_specimen_jars, v_misc_28,
          hangedman_vaults_slice, nicolae_vaults_little_squares_6, uniq_jory
Vaults:3: v_misc_27, minmay_crypt_entry_simple_round,
          nicolae_vaults_little_squares_6, vaults_room_corners, v_misc_23,
          vaults_standard_mumra_lines, nicolae_vaults_theta,
          nicolae_vaults_sealed_display, nicolae_vaults_network_quinsquares,
          vaults_room_hallway, vaults_dpeg_hooks, v_misc_25,
          portal_desolation_entry_garden, uniq_boris, uniq_xtahua
Vaults:4: hangedman_vaults_capsules, hangedman_vaults_nails,
          nicolae_vaults_octagons, v_misc_29, grunt_vaults_hallway_long,
          hangedman_vaults_stitches, nicolae_vaults_border_crossing,
          ontoclasm_vaults_claustrophobia, ontoclasm_vaults_hangar, v_rooms_5,
          ontoclasm_vaults_fault, serial_shops, shop
Vaults:5: serial_shops
Depths:1: grunt_twist_and_shout, hangedman_decor_riveting, serial_shops,
          bzr_entry_dummy, rand_demon_pan_entry_1, hell_entry,
          nicolae_rare_books, uniq_aizul
Depths:2: spriggan_forest, serial_shops, hell_entry
Depths:3: minmay_skeletal_surprise, enter_ziggurat_e, hangedman_decor_opposing,
          pan_entry, abyss_entry_small_statue_room, hell_entry,
          minmay_misc_feat_x, minmay_shop_star, infiniplex_staircase_door_maze
Depths:4: nooodl_glass_maze, serial_shops, shop, hell_entry,
          kennysheep_cross_room, abyss_entry
Depths:5: grunt_zot_entry_tricorne, grunt_mini_vestibule,
          minmay_misc_feat_nine_boxes, uniq_mennas, uniq_frederick
Abyss:1:  evilmike_abyss_exit_glass
Abyss:2:  hangedman_abyss_exit_choices, evilmike_abyss_exit_mutagenic
Abyss:3:  minivault_19, nicolae_abyss_rune_left_handed
Pan:      lemuel_hall_of_pain, pan_blood_fountain, mnoleg_st, lom_lobon_st,
          nicolae_pan_giant_door, pan_blood_fountain_2, grunt_pan_sceptre,
          grunt_pan_sceptre, pan_disco_hall, evilmike_mini_pan_corner,
          pan_blood_fountain, pan_blood_fountain_small, grunt_pan_sceptre,
          grunt_pan_zigzag, regret_index_pan_draining_boxed, rand_demon_4,
          rand_demon_1, pan_blood_fountain_small, cerebov_grunt_fire_and_steel,
          gloorx_vloq
Lab:      labyrinth_watery, nicolae_lab_checkerboard,
          labyrinth_skeletal_remains, nicolae_lab_lava, nicolae_lab_blocks,
          nicolae_lab_grate, nicolae_lab_flowing_pool, lab_statue,
          nicolae_lab_garden, nicolae_lab_quarters
Bazaar:   bazaar_kb_twisted_cavern
Sewer:    kennysheep_pipe_town
IceCv:    ice_cave_small_dragons

Skill      XL: |  1  2  3  4  5  6  7  8  9 10 11 12 13 14 15 16 17 18 19 20 21 22 23 24 25 26 27 |
---------------+----------------------------------------------------------------------------------+-----
Invocations    | 1 2 3 4 5 6 7 8 9 10 11 12 13 14 15 16 17 18 20 | 20.5
Short Blades   | 1 2 3 4 5 6 7 8 9 10 11 12 13 14 15 16 19 | 19.1
Long Blades    | 1 2 3 4 5 6 7 8 9 10 11 12 13 14 15 16 19 | 19.1
Axes           | 1 2 3 4 5 6 7 8 9 10 11 12 13 14 15 16 19 | 19.1
Polearms       | 1 2 3 4 5 6 7 8 9 10 11 12 13 14 15 16 19 | 19.1
Staves         | 1 2 3 4 5 6 7 8 9 10 11 12 13 14 15 16 19 | 19.1
Slings         | 1 2 3 4 5 6 7 8 9 10 11 12 13 14 15 16 19 | 19.1
Bows           | 1 2 3 4 5 6 7 8 9 10 11 12 13 14 15 16 19 | 19.1
Crossbows      | 1 2 3 4 5 6 7 8 9 10 11 12 13 14 15 16 19 | 19.1
Throwing       | 1 2 3 4 5 6 7 8 9 10 11 12 13 14 15 16 19 | 19.1
Dodging        | 1 2 3 4 5 6 7 8 9 10 11 12 13 14 15 16 19 | 19.1
Shields        | 1 2 3 4 5 6 7 8 9 10 11 12 13 14 15 16 19 | 19.2
Unarmed Combat | 1 2 3 4 5 6 7 8 9 10 11 12 13 14 15 16 19 | 19.1
Spellcasting   | 1 2 3 4 5 6 7 8 9 10 11 12 13 14 15 16 19 | 19.1
Conjurations   | 1 2 3 4 5 6 7 8 9 10 11 12 13 14 16 | 16.5
Hexes          | 1 2 3 4 5 6 7 8 9 10 11 12 13 14 16 | 16.5
Charms         | 1 2 3 4 5 6 7 8 9 10 11 12 13 14 16 | 16.5
Summonings     | 1 2 3 4 5 6 7 8 9 10 11 12 13 14 16 | 16.5
Necromancy     | 1 2 3 4 5 6 7 8 9 10 11 12 13 14 16 | 16.5
Translocations | 1 2 3 4 5 6 7 8 9 10 11 12 13 14 16 | 16.5
Transmutations | 1 2 3 4 5 6 7 8 9 10 11 12 13 14 16 | 16.5
Fire Magic     | 1 2 3 4 5 6 7 8 9 10 11 12 13 14 16 | 16.5
Ice Magic      | 1 2 3 4 5 6 7 8 9 10 11 12 13 14 16 | 16.5
Air Magic      | 1 2 3 4 5 6 7 8 9 10 11 12 13 14 16 | 16.5
Earth Magic    | 1 2 3 4 5 6 7 8 9 10 11 12 13 14 16 | 16.5
Poison Magic   | 1 2 3 4 5 6 7 8 9 10 11 12 13 14 16 | 16.5
Maces & Flails | 3 4 5 6 7 8 9 10 11 12 13 14 15 16 17 19 | 19.3
Evocations     | 3 4 5 6 7 8 9 10 11 12 13 14 15 16 17 19 | 19.3
Stealth        | 3 4 5 6 7 8 9 10 11 12 13 14 15 16 17 19 | 19.2
Armour         | 7 8 9 10 11 12 13 14 15 16 17 19 | 19.9
Fighting       | 9 10 11 12 13 14 15 16 17 18 20 | 20.3

Action                   |  1- 3 |  4- 6 |  7- 9 | 10-12 | 13-15 | 16-18 | 19-21 | 22-24 | 25-27 || total
-------------------------+-------+-------+-------+-------+-------+-------+-------+-------+-------++-------
Melee: Mace              |   101 |    96 |       |       |       |       |       |       |       ||   197
       Bite              |    11 |    13 |    80 |   163 |   207 |   263 |   290 |   251 |   848 ||  2126
       Flail             |       |    59 |   582 |   771 |       |       |       |       |       ||  1412
       Punch             |       |     1 |    10 |       |       |       |       |       |       ||    11
       Morningstar       |       |       |       |    58 |  1029 |  1291 |  1350 |  1186 |  1467 ||  6381
       Unarmed           |       |       |       |       |     1 |       |       |       |       ||     1
       Rapier            |       |       |       |       |       |    17 |       |       |       ||    17
       Kick              |       |       |       |       |       |       |       |       |  1227 ||  1227
       Broad axe         |       |       |       |       |       |       |       |       |   133 ||   133
       Eudemon blade     |       |       |       |       |       |       |       |       |  1942 ||  1942
Throw: Tomahawk          |       |       |    45 |    24 |    49 |    95 |     3 |       |       ||   216
       Javelin           |       |       |     7 |       |       |       |    15 |    24 |    10 ||    56
 Cast: Apportation       |       |       |       |       |     1 |       |       |       |       ||     1
       Lesser Beckoning  |       |       |       |       |       |    25 |       |       |     2 ||    27
       Lightning Bolt    |       |       |       |       |       |     9 |     5 |     3 |     5 ||    22
       Teleport Other    |       |       |       |       |       |     3 |       |       |       ||     3
       Lee's Rapid Decon |       |       |       |       |       |       |     3 |       |       ||     3
       Summon Ice Beast  |       |       |       |       |       |       |       |     4 |     1 ||     5
       Fireball          |       |       |       |       |       |       |       |     5 |     9 ||    14
       Regeneration      |       |       |       |       |       |       |       |       |    25 ||    25
       Borgnjor's Vile C |       |       |       |       |       |       |       |       |     7 ||     7
Invok: Slouch            |       |       |       |     1 |    14 |    18 |    11 |    13 |    30 ||    87
       Temporal Distorti |       |       |       |     1 |       |     4 |       |       |       ||     5
       Step From Time    |       |       |       |       |       |     1 |     1 |       |     4 ||     6
       Bend Time         |       |       |       |       |       |       |       |     1 |       ||     1
Evoke: Wand              |       |       |     1 |    10 |    10 |     4 |     5 |       |       ||    30
       Phantom mirror    |       |       |       |       |       |       |       |       |     2 ||     2
  Use: Scroll            |       |     5 |     5 |     6 |    30 |     7 |     9 |    14 |    31 ||   107
       Potion            |       |     1 |     2 |     9 |     1 |     5 |     1 |     1 |    26 ||    46
 Stab: Sleeping          |       |       |     2 |     1 |     3 |     3 |       |       |       ||     9
       Distracted        |       |       |       |     1 |     3 |     3 |     2 |       |     8 ||    17
  Eat: Chunk             |     1 |     3 |    16 |     9 |    21 |     9 |     7 |     5 |     4 ||    75
       Ration            |       |       |       |     1 |     2 |     5 |     3 |     4 |    14 ||    29
Armor: Scale mail        |    58 |    94 |   290 |   118 |       |       |       |       |       ||   560
       Skin              |       |       |     9 |       |       |       |       |       |       ||     9
       Plate armour      |       |       |       |   333 |    74 |       |       |       |       ||   407
       Chain mail        |       |       |       |       |   229 |   403 |   144 |       |       ||   776
       Crystal plate arm |       |       |       |       |       |       |   111 |   374 |   467 ||   952
       Gold dragon scale |       |       |       |       |       |       |       |       |   568 ||   568
Dodge: Dodged            |    57 |    83 |   379 |   679 |   686 |  1037 |   671 |   599 |  2613 ||  6804
       Deflected         |     2 |     6 |     3 |    21 |     7 |    41 |    25 |    50 |    70 ||   225
Block: Buckler           |       |       |    10 |   389 |   145 |       |       |    19 |       ||   563
       Shield            |       |       |       |       |   978 |  1796 |  1202 |  1140 |  4423 ||  9539
       Reflection        |       |       |       |       |    18 |    95 |    84 |   118 |   119 ||   434
       Rpst.: Eudemon blade |       |       |       |       |       |       |       |       |   187 ||   187

Table legend:
 A = Spawn XP
 B = Non-spawn XP
 C = Spawn XP percentage of total XP
 D = Spawn monster count
 E = Non-spawn monster count
 F = Spawn count percentage of total count
 G = Total turns spent on level
                    A         B        C        D         E        F      G
               +---------+---------+-------+---------+---------+-------+---------
         Total |  127635 | 1780284 |   6.7 |     201 |    3051 |   6.2 | 73603
               +---------+---------+-------+---------+---------+-------+---------
           D:1 |       0 |      27 |   0.0 |       0 |      15 |   0.0 |   837
           D:2 |       0 |     178 |   0.0 |       0 |      26 |   0.0 |   760
           D:3 |       0 |     376 |   0.0 |       0 |      31 |   0.0 |   806
           D:4 |       0 |     766 |   0.0 |       0 |      31 |   0.0 |  1177
           D:5 |       0 |    1374 |   0.0 |       0 |      61 |   0.0 |  1908
           D:6 |       0 |    2120 |   0.0 |       0 |      32 |   0.0 |  1330
           D:7 |       0 |    2421 |   0.0 |       0 |      37 |   0.0 |  1206
           D:8 |       0 |    5788 |   0.0 |       0 |      37 |   0.0 |  1451
           D:9 |       0 |    3997 |   0.0 |       0 |      37 |   0.0 |  1721
          D:10 |       0 |    1736 |   0.0 |       0 |      18 |   0.0 |  1383
          D:11 |       0 |    4610 |   0.0 |       0 |      49 |   0.0 |  1330
          D:12 |       0 |   17221 |   0.0 |       0 |     101 |   0.0 |  1098
          D:13 |       0 |   17836 |   0.0 |       0 |      40 |   0.0 |   699
          D:14 |       0 |   11013 |   0.0 |       0 |      56 |   0.0 |   889
          D:15 |       0 |   16702 |   0.0 |       0 |      33 |   0.0 |   897
        Lair:1 |       0 |    4707 |   0.0 |       0 |      25 |   0.0 |  1157
        Lair:2 |       0 |    4691 |   0.0 |       0 |      20 |   0.0 |  2194
        Lair:3 |       0 |    3495 |   0.0 |       0 |      12 |   0.0 |  1113
        Lair:4 |       0 |    4901 |   0.0 |       0 |      23 |   0.0 |   837
        Lair:5 |       0 |    3304 |   0.0 |       0 |      13 |   0.0 |   844
        Lair:6 |       0 |   19318 |   0.0 |       0 |      84 |   0.0 |   990
      Shoals:1 |       0 |   12152 |   0.0 |       0 |      22 |   0.0 |   844
      Shoals:2 |       0 |   26097 |   0.0 |       0 |      49 |   0.0 |  2501
      Shoals:3 |       0 |   15091 |   0.0 |       0 |      25 |   0.0 |   661
      Shoals:4 |       0 |   43675 |   0.0 |       0 |      75 |   0.0 |  2910
      Spider:1 |       0 |   13333 |   0.0 |       0 |      25 |   0.0 |   696
      Spider:2 |       0 |    4348 |   0.0 |       0 |      12 |   0.0 |   702
      Spider:3 |       0 |   13432 |   0.0 |       0 |      45 |   0.0 |   875
      Spider:4 |       0 |   40434 |   0.0 |       0 |      86 |   0.0 |  2484
       Slime:1 |       0 |   19231 |   0.0 |       0 |      50 |   0.0 |   671
       Slime:2 |       0 |   18437 |   0.0 |       0 |      43 |   0.0 |   514
       Slime:3 |       0 |   11493 |   0.0 |       0 |      25 |   0.0 |   636
       Slime:4 |       0 |    4423 |   0.0 |       0 |       9 |   0.0 |   217
       Slime:5 |       0 |   41852 |   0.0 |       0 |      32 |   0.0 |   748
         Orc:1 |       0 |     990 |   0.0 |       0 |      11 |   0.0 |   305
         Orc:2 |       0 |   16927 |   0.0 |       0 |     118 |   0.0 |  1287
         Elf:1 |       0 |   30266 |   0.0 |       0 |      51 |   0.0 |  1261
         Elf:2 |       0 |   40739 |   0.0 |       0 |      56 |   0.0 |  1055
         Elf:3 |       0 |   67817 |   0.0 |       0 |      62 |   0.0 |  2162
      Vaults:1 |       0 |   75804 |   0.0 |       0 |     118 |   0.0 |  2300
      Vaults:2 |       0 |   56639 |   0.0 |       0 |      84 |   0.0 |  1700
      Vaults:3 |       0 |   68983 |   0.0 |       0 |      80 |   0.0 |  1819
      Vaults:4 |       0 |  127800 |   0.0 |       0 |     131 |   0.0 |  3014
      Vaults:5 |       0 |  162300 |   0.0 |       0 |     132 |   0.0 |  1906
      Depths:1 |       0 |   37064 |   0.0 |       0 |      49 |   0.0 |   621
      Depths:2 |       0 |   66705 |   0.0 |       0 |     110 |   0.0 |  1984
      Depths:3 |       0 |   30934 |   0.0 |       0 |      42 |   0.0 |  1203
      Depths:4 |       0 |   45388 |   0.0 |       0 |      48 |   0.0 |   800
      Depths:5 |       0 |   87853 |   0.0 |       0 |      71 |   0.0 |  1245
          Hell |       0 |   57224 |   0.0 |       0 |      93 |   0.0 |   853
       Abyss:1 |    9283 |    8130 |  53.3 |      15 |      15 |  50.0 |   304
       Abyss:2 |    3864 |    3588 |  51.9 |       5 |       8 |  38.5 |   168
       Abyss:3 |    9283 |   27264 |  25.4 |      14 |      37 |  27.5 |   654
           Pan |  105205 |  323848 |  24.5 |     167 |     324 |  34.0 |  7222
           Lab |       0 |    2270 |   0.0 |       0 |       6 |   0.0 |   199
         Sewer |       0 |     245 |   0.0 |       0 |      24 |   0.0 |   261
         IceCv |       0 |    5425 |   0.0 |       0 |      20 |   0.0 |   625
    Desolation |       0 |   45502 |   0.0 |       0 |      82 |   0.0 |  1369
               +---------+---------+-------+---------+---------+-------+---------
